 Dungeon Crawl Stone Soup version 0.29-a0-371-g91724d5b39 (webtiles) character file.

Game seed: 15731234719972919907

85 sokol815 the Stinger (level 4, -2/27 HPs)
             Began as an Octopode Venom Mage on May 3, 2022.
             Slain by a gnoll shaman
             ... wielding a +0 whip
              (8 damage)
             ... on level 3 of the Dungeon.
             The game lasted 00:03:04 (2430 turns).

sokol815 the Stinger (Octopode Venom Mage)          Turns: 2430, Time: 00:03:05

Health: -2/27      AC:  1    Str:  7    XL:     4   Next: 48%
Magic:  7/9        EV: 13    Int: 19    God:
Gold:   41         SH:  0    Dex: 12    Spells: 8/9 levels left

rFire   . . .      SeeInvis .   a - +0 dagger (freeze)
rCold   . . .      Faith    .   (no shield)
rNeg    . . .      Spirit   .   (helmet restricted)
rPois   .          Reflect  .   (no amulet)
rElec   .          Harm     .   (no ring)
rCorr   .          Rampage  .   (no ring)
Will    .....                   (no ring)
Stlth   +++.......              (no ring)
HPRegen 0.09/turn               (no ring)
MPRegen 0.11/turn               (no ring)
                                (no ring)
                                (no ring)

@: no status effects
A: almost no armour, amphibious, 8 rings, camouflage 1, gelatinous body 1,
(nimble swimmer 1), tentacles
a: no special abilities


You were on level 3 of the Dungeon.
You visited 1 branch of the dungeon, and saw 3 of its levels.

You collected 41 gold pieces.

Inventory:

Hand Weapons
 a - a +0 dagger of freezing (weapon)
   (You took it off a goblin on level 1 of the Dungeon)
Missiles
 b - 4 poisoned darts
 s - 60 stones
Magical Staves
 d - a staff of poison {rPois}
   (You found it on level 1 of the Dungeon)
Potions
 c - a potion of haste {unknown}
 e - a potion of mutation {unknown}
 f - a potion of ambrosia {unknown}
 g - a potion of lignification {unknown}
 h - a potion of invisibility {unknown}
 i - a potion of berserk rage {unknown}
 M - a potion of magic
 N - 2 potions of heal wounds {@q2}


   Skills:
 + Level 2.5 Short Blades
 - Level 2.0 Dodging
 - Level 2.6 Stealth
 + Level 3.3 Spellcasting
 - Level 1.0 Transmutations
 - Level 3.6 Poison Magic


You had 8 spell levels left.
You knew the following spells:

 Your Spells              Type           Power      Damage    Failure   Level
a - Sting                 Tmut/Pois      48%        1d5       6%          1

Your spell library contained the following spells:

 Spells                   Type           Power      Damage    Failure   Level
 Poisonous Vapours        Pois/Air       20%        N/A       11%         2
 Mephitic Cloud           Conj/Pois/Air  7%         N/A       26%         3
 Olgreb's Toxic Radiance  Pois           16%        N/A       32%         4


Dungeon Overview and Level Annotations

Branches:
Dungeon (3/15)

Altars:


Innate Abilities, Weirdness & Mutations

You cannot wear most types of armour.
You are amphibious.
You can wear up to eight rings at the same time.
Your skin changes colour to match your surroundings (Stealth+).
Your rubbery body absorbs attacks. (AC +1, EV +1)
((You are camouflaged when in or above water. (Stealth+)))
You have tentacles for arms and can constrict up to eight enemies at once.


Message History

There is an open door here.
There is an open door here.
There is an open door here.
Found a stone staircase leading down.
There is an open door here.
There is an open door here.
Done exploring.
(D) Dungeon
Where to? (Enter - D:2, ? - help)
There is a stone staircase leading down here.
You climb downwards.
There is a stone staircase leading up here.
Found a stone staircase leading up.
An orc comes into view. It is wielding a +0 short sword.
No target in view!
No target in view!
You completely miss the orc.
The orc shouts!
Your grab misses the orc.
Your tentacle-slap misses the orc.
You hit the orc but do no damage. You grab the orc. You constrict the orc.
The orc hits you with a +0 short sword.
You take 6 damage, and have 21/27 hp.
MASSIVE DAMAGE!!
You completely miss the orc.
You constrict the orc, but do no damage.
The orc barely misses you.
You hit the orc but do no damage. Your squeeze misses the orc.
You constrict the orc. The orc hits you with a +0 short sword.
You take 4 damage, and have 17/27 hp.
You hit the orc but do no damage. You constrict the orc.
The orc hits you with a +0 short sword.
You take 1 damage, and have 16/27 hp.
You are too injured to fight recklessly!
You are too injured to fight recklessly!
You are too injured to fight recklessly!
You are too injured to fight recklessly!
You hit the orc. You freeze the orc.
You kill the orc!
You see here a +0 short sword.
You start resting.
Health restored: 27; MP restored: 9 An endoplasm comes into view.
Found a stone staircase leading down.
The sting hits the endoplasm.
The endoplasm partially resists.
The endoplasm quivers.
You now have 8/9 mp.
The sting hits the endoplasm.
The endoplasm partially resists.
You now have 7/9 mp.
You barely miss the endoplasm. Your squeeze misses the endoplasm.
The endoplasm hits you.
You take 1 damage, and have 26/27 hp.
You hit the endoplasm. You freeze the endoplasm.
You kill the endoplasm!
A goblin comes into view. It is wielding a +0 dagger.
A gnoll shaman comes into view. It is wielding a +0 whip.
The sting hits the goblin.
The goblin is poisoned.
You kill the goblin!
The gnoll shaman shouts!
You hear a shout!
An adder comes into view.
Health restored: 27 You now have 7/9 mp.
A worm and a rat come into view. 2 gnolls come into view.
A gnoll comes into view. It is wielding a +0 whip.
MP restored: 9 The gnoll shaman mumbles some strange prayers to its god against you.
You resist with some effort.
The gnoll shaman invokes the aid of its god against you.
You resist with some effort.
Here: a gnoll shaman, wielding a +0 whip and wearing a +0 leather armour The floor.
There is a stone staircase leading up here.
You can't see any susceptible monsters within range! (Use Z to cast anyway.) Unknown command.
Aim: a gnoll shaman, wielding a +0 whip and wearing a +0 leather armour (75% to hit)
The sting hits the gnoll shaman.
The gnoll shaman is poisoned.
You now have 8/9 mp.
Aim: a gnoll shaman, wielding a +0 whip and wearing a +0 leather armour (lightly wounded, poisoned, 75% to hit)
The sting misses the gnoll shaman.
You now have 7/9 mp.
You hit the gnoll shaman but do no damage.
You grab the gnoll shaman.
You constrict the gnoll shaman, but do no damage.
The gnoll shaman hits you with a +0 whip.
You take 6 damage, and have 21/27 hp.
MASSIVE DAMAGE!!
You hit the gnoll shaman. You freeze the gnoll shaman.
You squeeze the gnoll shaman. You constrict the gnoll shaman.
The gnoll shaman hits you with a +0 whip!
You take 10 damage, and have 11/27 hp.
MASSIVE DAMAGE!!
You hit the gnoll shaman but do no damage.
You constrict the gnoll shaman.
The gnoll shaman hits you with a +0 whip.
* * * LOW HITPOINT WARNING * * *
You take 5 damage, and have 6/27 hp.
You hit the gnoll shaman but do no damage.
You constrict the gnoll shaman.
The gnoll shaman looks more healthy.
The gnoll shaman hits you with a +0 whip!
You die...

#.#####.#...#
#.######.#####.#.###
#...g.....r......####
....>.)..##.##..#......#
.P....r.....##).######.##
.....#########..r...g...#
.S.g. #.........## ....
##########.### ...
#@g....###.#<### ...
######.#.......#
#.#.#.#.#.# #.#.#.#.# #
#g#g#.#.# #.#.#.#.#
#.....#.# ###.###.#
#.....#


You could see a gnoll shaman.

Vanquished Creatures
  3 adders (D:2)
  2 dart slugs (D:1)
  An orc (D:3)
  4 bats
  5 endoplasms
  3 giant cockroaches
  3 goblins
  6 hobgoblins
  6 jackals (D:2)
  3 kobolds (D:1)
  2 quokkas
  6 ball pythons
  2 frilled lizards
  2 rats
48 creatures vanquished.

Vanquished Creatures (others)
  15 plants (D:3)
15 creatures vanquished.

Grand Total: 63 creatures vanquished

Notes
Turn   | Place    | Note
-------+----------+-------------------------------------------
     0 | D:1      | sokol815 the Octopode Venom Mage began the quest for the
                  | Orb.
     0 | D:1      | Reached XP level 1. HP: 11/11 MP: 3/3
   158 | D:1      | Reached XP level 2. HP: 17/17 MP: 1/5
   231 | D:1      | Reached skill level 1 in Short Blades
   642 | D:1      | Reached XP level 3. HP: 21/21 MP: 4/7
  1025 | D:2      | Reached skill level 2 in Short Blades
  1025 | D:2      | Reached skill level 3 in Spellcasting
  1206 | D:2      | Reached XP level 4. HP: 27/27 MP: 5/8
  2429 | D:3      | HP: 6/27 [gnoll shaman/+0 whip (5)]
  2430 | D:3      | Slain by a gnoll shaman

Illustrated notes

Levels and vault maps discovered:
D:1:      shiori_shiawase, layout_basic
D:2:      layout_loops_corners, uniq_sigmund
D:3:      layout_basic, ebering_ecumenical_altar_webs, nicolae_grassy_gnolls

Skill      XL: |  1  2  3 |
---------------+----------+-----
Short Blades   | 1 2 |  2.5
Spellcasting   | 3 |  3.3
Dodging        | |  2.0
Stealth        | |  2.6
Transmutations | |  1.0
Poison Magic   | |  3.6

Action                   |  1- 3 |  4- 6 || total
-------------------------+-------+-------++-------
Melee: Constrict         |     8 |     9 ||    17
       Dagger            |    32 |    41 ||    73
       Tentacles         |     9 |     5 ||    14
       Unarmed           |     1 |       ||     1
 Cast: Sting             |    41 |    12 ||    53
  Use: Scroll            |     3 |     2 ||     5
Armor: Skin              |     2 |     3 ||     5
Dodge: Dodged            |    11 |    15 ||    26

Table legend: (Time is in decaauts)
 A = Elapsed time spent in this place.
 B = Non-inter-level travel time spent in this place.
 C = Inter-level travel time spent in this place.
 D = Time resting spent in this place.
 E = Time spent auto-exploring this place.
 F = Levels seen in this place.
 G = Mean time per level.
                   A        B        C        D        E       F      G
               +--------+--------+--------+--------+--------+-----+--------+
         Total |   2422 |   2390 |     32 |    405 |   1668 |   3 |  807.3 |
       Dungeon |   2422 |   2390 |     32 |    405 |   1668 |   3 |  807.3 |
               +--------+--------+--------+--------+--------+-----+--------+

Top non-repeatable levels by time:
     D:2: 1322 daAuts
     D:1: 859 daAuts
     D:3: 240 daAuts

Table legend:
 A = Kills in this place as a percentage of kills in entire the game.
 B = Kills by you in this place as a percentage of kills by you in the entire game.
 C = Kills by friends in this place as a percentage of kills by friends in the entire game.
 D = Other kills in this place as a percentage of other kills in the entire game.
 E = Experience gained in this place as a percentage of experience gained in the entire game.
 F = Experience gained in this place divided by the number of levels of this place that you have seen.
                   A       B       C       D       E      F
               +-------+-------+-------+-------+-------+----------------------
         Total | 100.0 | 100.0 |   N/A |   N/A | 100.0 |  40.7
       Dungeon | 100.0 | 100.0 |   N/A |   N/A | 100.0 |  40.7
               +-------+-------+-------+-------+-------+----------------------
